 Dungeon Crawl Stone Soup version 0.31-a0-868-g674d60d6f7 (webtiles) character file.

Game seed: 76655230490182356

24285 Xavori the Unseen (level 13, 1/129 HPs)
             Began as an Octopode Chaos Knight on Oct 11, 2023.
             Was a Plaything of Xom.
             Quit the game on level 11 of the Dungeon.
             The game lasted 00:17:43 (22950 turns).

Xavori the Unseen (Octopode Chaos Knight)          Turns: 22950, Time: 00:17:44

Health: 1/129      AC: 26    Str: 13      XL:     13   Next: 12%
Magic:  20/22      EV:  2    Int: 19      God:    Xom [.*....]
Gold:   387        SH:  0    Dex: 20 (21) Spells: 12/12 levels left

rFire   . . .        i - +6 dagger of the Wilderness {freeze, Contam Int+3 Stlth+}
rCold   . . .        (no shield)
rNeg    . . .        (helmet currently unavailable)
rPois   +            (no amulet)
rElec   .            h - ring of flight
rCorr   .            G - ring of magical power
SInv    .            (no ring)
Will    .....        (no ring)
Stlth   +++++++++    (no ring)
HPRegen 0.41/turn    (no ring)
MPRegen 0.18/turn    (no ring)
                     (no ring)

%: no passive effects
@: tree-form, studying Throwing
A: stationary, stasis, torment immunity, boosted hp, almost no armour,
(amphibious), 8 rings, (camouflage 1), (gelatinous body 1), (nimble swimmer 1),
(tentacles), agile 2, clever 1, (cold resistance 2), mutation resistance 1,
screaming 1, strong 1, wild magic 1, no potion heal 1, MP-powered wands
a: Renounce Religion


You were on level 11 of the Dungeon.
You worshipped Xom.
You were a plaything of Xom.
You were a tree.
You visited 2 branches of the dungeon, and saw 14 of its levels.

You collected 799 gold pieces.
You spent 412 gold pieces at shops.

Inventory:

Hand Weapons
 a - a +0 short sword of chaos
 e - a +1 dagger of electrocution
 i - the +6 dagger of the Wilderness (weapon) {freeze, Contam Int+3 Stlth+}
   (You found it on level 6 of the Dungeon)

   Int+3:     It affects your intelligence (+3).
   Contam:    It causes magical contamination when unequipped.
   Stlth+:    It makes you more stealthy.
Missiles
 w - 4 curare-tipped darts (quivered)
Jewellery
 h - a ring of flight (left branch)
 z - a ring of fire
 D - an amulet of magic regeneration
 E - a ring of ice
 G - a ring of magical power (right branch)
Talismans
 x - a serpent talisman
 y - a dragon-blood talisman
Wands
 g - a wand of roots (6)
 r - a wand of digging (6)
 s - a wand of paralysis (3)
 K - a wand of flame (7)
Scrolls
 b - a scroll of butterflies
 f - 2 scrolls of vulnerability
 k - 2 scrolls of immolation
 m - 2 scrolls of revelation
 p - 2 scrolls of teleportation
 q - a scroll of fog
 u - 3 scrolls of enchant armour
 v - a scroll of enchant weapon
 C - a scroll of amnesia
 F - 3 scrolls of silence
 H - a scroll of poison
Potions
 c - 2 potions of invisibility {unknown}
 d - a potion of might
 j - 3 potions of degeneration
 n - 7 potions of curing
 o - 4 potions of resistance
 t - 2 potions of lignification
 A - a potion of haste
 B - a potion of cancellation
 I - 2 potions of enlightenment
 J - a potion of brilliance


   Skills:
 + Level 7.4 Fighting
 + Level 9.8 Short Blades
 + Level 7.0 Dodging
 + Level 19.7 Stealth
 * Level 8.2 Evocations
 * Level 5.7 Shapeshifting


You had 12 spell levels left.
You didn't know any spells.
Your spell library contained the following spells:

 Spells                   Type           Power      Damage    Failure   Level
 Sting                    Tmut/Pois      0%         1d3       28%         1
 Poisonous Vapours        Pois/Air       0%         N/A       38%         2
 Scorch                   Fire           0%         2d5       38%         2
 Static Discharge         Conj/Air       0%         2-2/arc   38%         2
 Dazzling Flash           Conj/Hex       0%         N/A       61%         3
 Airstrike                Air            0%         2d(0-16)  94%         4
 Flame Wave               Conj/Fire      0%         2d4       94%         4
 Olgreb's Toxic Radiance  Pois           0%         N/A       94%         4
 Summon Lightning Spire   Summ/Air       0%         N/A       94%         4
 Agony                    Necr           0%         N/A       100%        5
 Silence                  Hex/Air        0%         N/A       100%        5
 Summon Cactus Giant      Summ           0%         N/A       100%        6


Dungeon Overview and Level Annotations

Branches:
Dungeon (11/15)            Temple (0/1) D:6            Lair (3/5) D:8
 Spider (0/4) Lair:2
  Swamp: Lair:2-3    Shoals: Lair:2-3       Orc: D:9-12

Altars:
Cheibriados
Elyvilon
Gozag
Hepliaklqana
Makhleb
Okawaru
Qazlal
Ru
Trog
Xom
Yredelemnul

Shops:
D:1 !   D:3 *   D:8 [:**

Annotations:
D:9 3 runed translucent doors, HilariousDeathArtist's ghost, journeyman GnBr


Innate Abilities, Weirdness & Mutations

You are a tree.
Your roots penetrate the ground, keeping you stationary.
You cannot be teleported.
You are immune to unholy pain and torment.
Your maximum health is greatly increased.
You cannot wear most types of armour.
((You are amphibious.))
You can wear up to eight rings at the same time.
((Your skin changes colour to match your surroundings (Stealth+).))
((Your rubbery body absorbs attacks. (AC +1, EV +1)))
((You are camouflaged when in or above water. (Stealth+)))
((You have tentacles for arms and can constrict up to eight enemies at once.))
You are very agile. (Dex +8, Str/Int -2)
Your mind is acute. (Int +4, Str/Dex -1)
((Your flesh is very cold resistant. (rC++)))
You are somewhat resistant to further mutation.
You occasionally shout uncontrollably at your foes.
Your muscles are strong. (Str +4, Int/Dex -1)
Your spells are a little harder to cast, but a little more powerful.
Potions are less effective at restoring your health.
You expend magic power (3 MP) to strengthen your wands.


Message History

You freeze the orc knight!
You kill the orc knight!
The orc warrior no longer looks unusually strong.
The orc priest no longer looks unusually strong.
The orc no longer looks unusually strong.
You completely miss the orc warrior.
You hit the orc warrior but do no damage.
The orc no longer looks unusually strong. x3
The orc warrior hits you with a +0 scimitar!
* * * LOW HITPOINT WARNING * * *
An orc comes into view. It is wielding a +0 club.
You creak at the orc!
The orc warrior hits you but does no damage.
You hit the orc warrior. You freeze the orc warrior.
The orc warrior is moderately wounded.
You puncture the orc warrior! You freeze the orc warrior.
The orc warrior is severely wounded.
The orc warrior no longer looks unusually strong.
The orc warrior hits you but does no damage.
The orc warrior hits you from afar with a +0 trident.
* * * LOW HITPOINT WARNING * * *
You hit the orc warrior but do no damage.
The orc warrior is severely wounded.
You hit the orc warrior but do no damage.
The orc warrior is severely wounded.
The orc warrior no longer looks unusually strong.
The orc warrior hits you with a +0 scimitar!
* * * LOW HITPOINT WARNING * * *
The orc warrior hits you but does no damage.
You closely miss the orc warrior.
The orc warrior is severely wounded.
You hit the orc warrior. You freeze the orc warrior.
You kill the orc warrior!
The orc warrior no longer looks unusually strong.
The orc no longer looks unusually strong.
The orc grunts repeatedly.
The orc warrior hits you from afar with a +0 trident.
* * * LOW HITPOINT WARNING * * *
Xom roars with laughter!
Are you sure you want to abandon this character and quit the game? (Confirm with "yes".)

.'........# ##........#
#........# ##########
#### $...$
###################ooo$$.
...............5♣)oooO...
###################oooo..
.o.$. $... ... .. .


You could see 4 orc warriors, an ogre, an orc priest, 6 orcs and a friendly iron
imp (summoned).

Vanquished Creatures
  Fannar (Lair:1)
  A catoblepas (Lair:1)
  A hydra (Lair:3)
  A two-headed ogre (D:8)
  Sonja (D:10)
  Pikel (D:7)
  A deep elf pyromancer (D:9)
  An orc knight (D:11)
  A cyclops (D:11)
  7 elephants
  3 black mambas
  Joseph (D:8)
  A gargoyle (D:10)
  6 cane toads
  Maggie (D:7)
  A rime drake (Lair:1)
  2 komodo dragons
  A troll (D:9)
  A tyrant leech (Lair:3)
  28 blink frogs
  5 culicivoras (Lair:2)
  3 wyverns
  7 yaks
  A steam dragon (D:8)
  4 basilisks
  3 water moccasins
  3 orc warriors
  3 sky beasts
  5 black bears
  An ice beast (D:5)
  5 ogres
  A centaur (D:9)
  A lemure (D:7)
  2 phantoms (D:4)
  8 bullfrogs
  5 scorpions
  3 wights (D:8)
  9 killer bees
  2 howler monkeys (D:9)
  3 orc priests
  4 hounds
  A jelly (D:4)
  A sleepcap (D:7)
  4 iguanas
  8 orc wizards
  5 adders
  A white imp (D:6)
  3 ufetubi
  6 worms
  4 dart slugs
  33 orcs
  6 endoplasms
  6 giant cockroaches
  7 hobgoblins
  7 kobolds
  3 quokkas
  5 ball pythons
  4 bats
  3 frilled lizards
  7 goblins
  5 rats
258 creatures vanquished.

Vanquished Creatures (collateral kills)
  A yak (D:10)
  A wyvern (D:7)
  A sky beast (D:8)
  A lemure (D:7)
  An orc wizard (D:8)
  An orc (D:8)
6 creatures vanquished.

Grand Total: 264 creatures vanquished

Notes
Turn   | Place    | Note
-------+----------+-------------------------------------------
     0 | D:1      | Xavori the Octopode Chaos Knight began the quest for the
                  | Orb.
     0 | D:1      | Reached XP level 1. HP: 16/16 MP: 1/1
    63 | D:1      | Reached XP level 2. HP: 4/21 MP: 2/2
   345 | D:1      | XOM: divination: detect items
   519 | D:1      | Found Nyanuepa's Distillery.
   525 | D:1      | XOM: silly message
   677 | D:1      | Reached XP level 3. HP: 26/26 MP: 3/3
  1102 | D:1      | XOM: silly message
  1789 | D:1      | XOM is BORED!
  2320 | D:1      | XOM: give mutation
  2320 | D:1      | Gained mutation: You have hidden genetic potential. [Xom's
                  | mischief]
  2561 | D:1      | XOM: god gift: glowing gilded ring {god gift}
  2934 | D:1      | XOM: stat loss: -1 Int (13/14)
  3097 | D:1      | XOM: give mutations
  3097 | D:1      | Gained mutation: You are robust. (+10% HP) [Xom's mischief]
  3097 | D:1      | Gained mutation: You are vulnerable to cold. (rC-) [Xom's
                  | mischief]
  3097 | D:1      | Gained mutation: One of your tentacles bears a spike.
                  | [Xom's mischief]
  3299 | D:1      | XOM is BORED!
  3299 | D:1      | XOM: summons 4 hostile shadow creatures
  5306 | D:1      | XOM: give mutation
  5306 | D:1      | Lost mutation: You have hidden genetic potential. [Xom's
                  | mischief]
  6168 | D:1      | XOM is BORED!
  6168 | D:1      | XOM: stat loss: -2 Int (11/14)
  6697 | D:1      | XOM: god gift: 5 silver javelins
  8488 | D:1      | XOM is BORED!
  8826 | D:1      | XOM: 2-stop teleportation journey
  8871 | D:1      | XOM: cloud trail
  9128 | D:1      | XOM: draining
  9308 | D:1      | XOM: god gift: 12 gold pieces
  9418 | D:1      | XOM: noise
 10168 | D:2      | Reached skill level 1 in Stealth
 10326 | D:2      | Found an opulent altar of Gozag.
 10374 | D:2      | Reached skill level 2 in Stealth
 10374 | D:2      | Reached XP level 4. HP: 29/32 MP: 4/4
 10476 | D:2      | Found a faded altar of an unknown god.
 10595 | D:2      | XOM: give mutation
 10595 | D:2      | Gained mutation: You are partially covered in iridescent
                  | scales. (AC +2) [Xom's grace]
 11031 | D:3      | XOM: noise
 11033 | D:3      | Reached skill level 3 in Stealth
 11156 | D:3      | XOM: 1-stop teleportation journey
 11184 | D:3      | Found Ziby's Assorted Antiques.
 11192 | D:3      | Bought a scroll labelled CILOST RIQU for 25 gold pieces
 11192 | D:3      | Bought a scroll labelled SEIDOMMEAGAO for 25 gold pieces
 11309 | D:4      | Reached XP level 5. HP: 27/39 MP: 5/5
 11406 | D:4      | Reached skill level 4 in Stealth
 11600 | D:4      | Noticed a phantom
 11603 | D:4      | XOM: enchant monster (bad)
 11634 | D:4      | Lost mutation: One of your tentacles bears a spike. [potion
                  | of mutation]
 11634 | D:4      | Lost mutation: You are robust. (+10% HP) [potion of
                  | mutation]
 11634 | D:4      | Gained mutation: You do not regenerate when monsters are
                  | visible. [potion of mutation]
 11634 | D:4      | Gained mutation: You are agile. (Dex +4, Str/Int -1)
                  | [potion of mutation]
 11634 | D:4      | XOM: smoke on damage
 11648 | D:4      | Killed a phantom
 11649 | D:4      | Reached XP level 6. HP: 12/43 MP: 6/6
 11908 | D:4      | Found a large runed translucent door.
 11911 | D:4      | Found a large runed translucent door.
 11989 | D:4      | Reached skill level 5 in Stealth
 12015 | D:4      | Found a hazy altar of Hepliaklqana.
 12137 | D:4      | Found a stormy altar of Qazlal.
 12143 | D:4      | Found a sacrificial altar of Ru.
 12153 | D:4      | Reached skill level 5 in Short Blades
 12153 | D:4      | Reached XP level 7. HP: 28/47 MP: 7/7
 12245 | D:5      | Entered Level 5 of the Dungeon
 12299 | D:5      | Reached skill level 6 in Stealth
 12353 | D:5      | XOM: divination: detect items
 12763 | D:5      | XOM: 4-stop teleportation journey
 12870 | D:5      | Found a basalt altar of Yredelemnul.
 13195 | D:5      | Reached skill level 7 in Stealth
 13211 | D:5      | XOM: give mutations
 13211 | D:5      | Gained mutation: Potions are less effective at restoring
                  | your health. [Xom's mischief]
 13211 | D:5      | Gained mutation: You are very agile. (Dex +8, Str/Int -2)
                  | [Xom's mischief]
 13211 | D:5      | Gained mutation: Your magical capacity is low. (-10% MP)
                  | [Xom's mischief]
 13211 | D:5      | Lost mutation: You do not regenerate when monsters are
                  | visible. [Xom's mischief]
 13224 | D:5      | Reached XP level 8. HP: 49/54 MP: 7/7
 13381 | D:5      | XOM: give mutations
 13381 | D:5      | Gained mutation: Your skin blends seamlessly with your
                  | surroundings (Stealth++). [Xom's grace]
 13381 | D:5      | Gained mutation: Your spells are a little harder to cast,
                  | but a little more powerful. [Xom's grace]
 13381 | D:5      | Gained mutation: You possess an exceptional clarity of
                  | mind. [Xom's grace]
 13381 | D:5      | Gained mutation: You are strong-willed. (Will+) [Xom's
                  | grace]
 13448 | D:5      | XOM: noise
 13490 | D:5      | XOM: noise
 13737 | D:5      | XOM: 1-stop teleportation journey
 13816 | D:6      | Found a snail-covered altar of Cheibriados.
 13816 | D:6      | Found an iron altar of Okawaru.
 13816 | D:6      | Found a burning altar of Makhleb.
 13877 | D:6      | Identified the +6 dagger of the Wilderness {freeze, Contam
                  | Int+3 Stlth+}
 13889 | D:6      | Found a staircase to the Ecumenical Temple.
 13952 | D:6      | Reached skill level 8 in Stealth
 14155 | D:6      | Reached skill level 9 in Stealth
 14175 | D:6      | Reached skill level 5 in Fighting
 14215 | D:6      | XOM: draining
 14483 | D:7      | Noticed Maggie
 14489 | D:7      | Noticed a wyvern
 14489 | D:7      | XOM: 2-stop teleportation journey
 14490 | D:7      | Noticed Pikel
 14494 | D:7      | XOM: cast spell 'Summon Ice Beast'
 14499 | D:7      | Killed a wyvern
 14500 | D:7      | Reached skill level 10 in Stealth
 14500 | D:7      | Reached XP level 9. HP: 44/61 MP: 8/8
 14511 | D:7      | XOM: give mutations
 14511 | D:7      | Lost mutation: Your skin blends seamlessly with your
                  | surroundings (Stealth++). [Xom's mischief]
 14511 | D:7      | Lost mutation: Your magical capacity is low. (-10% MP)
                  | [Xom's mischief]
 14511 | D:7      | Lost mutation: You are strong-willed. (Will+) [Xom's
                  | mischief]
 14514 | D:7      | XOM: enchant monster (bad)
 14515 | D:7      | Killed Pikel
 14516 | D:7      | Reached skill level 11 in Stealth
 14525 | D:7      | XOM: polymorph ice beast -> spriggan
 14593 | D:7      | XOM: give mutations
 14593 | D:7      | Gained mutation: Your mind is acute. (Int +4, Str/Dex -1)
                  | [Xom's mischief]
 14593 | D:7      | Gained mutation: You expend magic power (3 MP) to
                  | strengthen your wands. [Xom's mischief]
 14816 | D:7      | Killed Maggie
 14817 | D:7      | Reached skill level 12 in Stealth
 14977 | D:7      | Found a bloodstained altar of Trog.
 15054 | D:8      | Found Oguteod's Assorted Antiques.
 15083 | D:8      | Noticed a two-headed ogre
 15084 | D:8      | Killed a two-headed ogre
 15085 | D:8      | Reached skill level 5 in Dodging
 15085 | D:8      | Reached skill level 13 in Stealth
 15085 | D:8      | Reached skill level 1 in Evocations
 15192 | D:8      | XOM: blink monster(s)
 15201 | D:8      | XOM: cast spell 'Summon Small Mammal'
 15230 | D:7      | Reached XP level 10. HP: 32/68 MP: 10/10
 15415 | D:7      | XOM: scenery: create altars
 15569 | D:8      | Found Mosoydom's Book Shop.
 15589 | D:8      | Found Miamomm's Assorted Antiques.
 15596 | D:8      | XOM: divination: detect creatures
 15601 | D:8      | XOM: 2-stop teleportation journey
 15674 | D:8      | Bought a scroll labelled YBANWIDYTOA for 18 gold pieces
 15674 | D:8      | Bought a scroll of teleportation for 54 gold pieces
 15713 | D:8      | XOM: god gift: fuming amethyst potion {god gift}
 15816 | D:6      | XOM: give mutations
 15816 | D:6      | Lost mutation: You are vulnerable to cold. (rC-) [Xom's
                  | grace]
 15816 | D:6      | Gained mutation: Your flesh is cold resistant. (rC+) [Xom's
                  | grace]
 15816 | D:6      | Gained mutation: One of your tentacles bears a spike.
                  | [Xom's grace]
 15887 | D:8      | Noticed Joseph
 15890 | D:8      | Found Bazxesac's Armour Shoppe.
 15892 | D:8      | Killed Joseph
 15903 | D:8      | XOM: cast spell 'Summon Dragon'
 16086 | D:8      | Found a shimmering altar of Xom.
 16194 | D:8      | Reached skill level 14 in Stealth
 16222 | D:8      | Found a staircase to the Lair.
 16283 | D:8      | XOM: scenery: summon butterflies
 16478 | D:9      | Found a runed translucent gate.
 16522 | D:9      | Found a runed translucent gate.
 16528 | D:9      | Noticed a deep elf pyromancer
 16539 | D:9      | XOM: divination: magic mapping
 16545 | D:9      | Killed a deep elf pyromancer
 16559 | D:9      | Reached skill level 1 in Shapeshifting
 16584 | D:9      | XOM: 6-stop teleportation journey
 16860 | D:9      | Found a runed translucent gate.
 16866 | D:9      | Noticed HilariousDeathArtist's ghost (journeyman GnBr)
 17136 | D:9      | XOM: fog
 17201 | D:9      | XOM: silly message
 17329 | D:9      | XOM: summons 1 hostile shadow creature
 17388 | D:9      | XOM: give mutations
 17388 | D:9      | Gained mutation: You are somewhat resistant to further
                  | mutation. [Xom's mischief]
 17388 | D:9      | Lost mutation: One of your tentacles bears a spike. [Xom's
                  | mischief]
 17388 | D:9      | Lost mutation: You possess an exceptional clarity of mind.
                  | [Xom's mischief]
 17421 | D:9      | XOM: torment (35/68 hp)
 17532 | D:9      | XOM: god gift: 5 stones
 17582 | D:9      | Reached skill level 15 in Stealth
 17708 | D:8      | XOM: stat loss: -1 Int (19/20)
 17846 | D:1      | Bought a potion of curing for 30 gold pieces
 17846 | D:1      | Bought a potion of haste for 100 gold pieces
 17846 | D:1      | Bought a potion of curing for 30 gold pieces
 17846 | D:1      | Bought a potion of heal wounds for 50 gold pieces
 17846 | D:1      | Bought a potion of cancellation for 80 gold pieces
 18026 | D:10     | Entered Level 10 of the Dungeon
 18026 | D:10     | Noticed a gargoyle
 18035 | D:10     | Killed a gargoyle
 18036 | D:10     | Reached XP level 11. HP: 25/72 MP: 7/11
 18282 | D:10     | Found a white marble altar of Elyvilon.
 18316 | D:10     | XOM: fog
 18331 | D:10     | XOM: summons 2 friendly demons
 18333 | D:10     | Reached skill level 5 in Evocations
 18334 | D:10     | Identified the staff "Hielis" {rN+ Dex+2 Necro} (Xom gifted
                  | it to you on level 10 of the Dungeon)
 18334 | D:10     | XOM: god gift: staff "Hielis" {rN+ Dex+2 Necro}
 18378 | D:10     | XOM: cloud trail
 18554 | D:10     | Noticed Sonja
 18556 | D:10     | Killed Sonja
 18638 | D:10     | XOM: 2-stop teleportation journey
 18910 | D:11     | Noticed a cyclops
 18916 | D:11     | Killed a cyclops
 19142 | Lair:1   | Entered Level 1 of the Lair of Beasts
 19142 | Lair:1   | Noticed Fannar
 19144 | Lair:1   | Reached skill level 16 in Stealth
 19182 | Lair:1   | Killed Fannar
 19219 | Lair:1   | Noticed a catoblepas
 19233 | Lair:1   | Reached skill level 17 in Stealth
 19241 | Lair:1   | Killed a catoblepas
 19491 | Lair:1   | Reached XP level 12. HP: 80/80 MP: 12/12
 19504 | Lair:1   | XOM: silly message
 19718 | Lair:1   | XOM is BORED!
 19738 | Lair:1   | XOM: divination: detect items
 19742 | Lair:1   | Reached skill level 18 in Stealth
 19941 | Lair:1   | XOM: divination: detect creatures
 19955 | Lair:1   | XOM: silly message
 20423 | Lair:2   | XOM: potion effect (curing)
 20561 | Lair:2   | Found a hole to the Spider Nest.
 20812 | Lair:2   | Reached skill level 5 in Shapeshifting
 20823 | Lair:2   | XOM: 2-stop teleportation journey
 20906 | Lair:2   | XOM: divination: detect items
 20907 | Lair:2   | Reached skill level 19 in Stealth
 21018 | Lair:2   | XOM: 3-stop teleportation journey
 21028 | Lair:2   | XOM: give mutations
 21028 | Lair:2   | Gained mutation: Your muscles are strong. (Str +4, Int/Dex
                  | -1) [Xom's grace]
 21028 | Lair:2   | Gained mutation: Your flesh is very cold resistant. (rC++)
                  | [Xom's grace]
 21028 | Lair:2   | Gained mutation: You are mostly covered in iridescent
                  | scales. (AC +4) [Xom's grace]
 21034 | Lair:2   | XOM: 6-stop teleportation journey
 21138 | Lair:2   | XOM: cloud trail
 21233 | Lair:2   | XOM: cleaving
 21345 | Lair:2   | XOM: polymorph blink frog -> wyvern
 21357 | Lair:2   | XOM: confuse monster(s)
 21359 | Lair:2   | XOM: enchant monster (good)
 21585 | Lair:2   | XOM: god gift: robe {god gift}
 21989 | Lair:2   | XOM: give mutations
 21989 | Lair:2   | Gained mutation: You occasionally shout uncontrollably at
                  | your foes. [Xom's mischief]
 21989 | Lair:2   | Lost mutation: You are mostly covered in iridescent scales.
                  | (AC +4) [Xom's mischief]
 21989 | Lair:2   | Lost mutation: You are partially covered in iridescent
                  | scales. (AC +2) [Xom's mischief]
 22161 | Lair:3   | XOM: fake destruction
 22163 | Lair:3   | XOM: cleaving
 22166 | Lair:3   | Noticed a six-headed hydra
 22166 | Lair:3   | XOM: 1-stop teleportation journey
 22174 | Lair:3   | Killed a six-headed hydra
 22175 | Lair:3   | Reached XP level 13. HP: 50/86 MP: 13/13
 22307 | Lair:3   | XOM: 1-stop teleportation journey
 22346 | Lair:3   | XOM: god gift: staff of air
 22386 | Lair:3   | XOM: stat loss: -1 Dex (20/21)
 22395 | Lair:3   | XOM: divination: detect items
 22405 | Lair:3   | XOM: smoke on damage
 22859 | D:11     | XOM: scenery: 2 doors open
 22879 | D:11     | XOM: god gift: mace {god gift}
 22919 | D:11     | XOM: potion effect (heal wounds)
 22935 | D:11     | XOM: summons friendly iron imp
 22936 | D:11     | HP: 6/129 [orc knight/+0 halberd (14)]
 22947 | D:11     | HP: 4/129 [orc warrior/+0 scimitar (9)]
 22949 | D:11     | HP: 1/129 [orc warrior/+0 trident (4)]
 22950 | D:11     | Quit the game

Illustrated notes

Levels and vault maps discovered:
D:1:      dpeg_arrival_solitude, layout_rooms, serial_shops, shop
D:2:      kennysheep_big_flooded_room, layout_loops_ring, basic_altar,
          hellmonk_ecumenical_altar_blasted
D:3:      layout_basic, serial_shops, shop, minmay_hedge_maze
D:4:      nicolae_BIG_FREAKIN_CUBE, layout_rooms,
          mainiacjoe_overflow_six_doors_small, jmf_multi_god_temple2,
          supply_closet_lemuel, serial_park_tiny_2
D:5:      minmay_diamond_boxcup, layout_basic, lemuel_tele_altar
D:6:      layout_basic, gammafunk_temple_overflow_claw,
          minmay_temple_entry_antechambers
D:7:      layout_cave_pools, lemuel_crystal_altar, columned_hall_lemuel,
          uniq_maggie, uniq_pikel
D:8:      layout_cave_pools, lemuel_crystal_altar, erik_lair_dragon,
          serial_shops, shop, nicolae_shop_rolling_square,
          nicolae_stop_n_shop_1, nicolae_shop_back_alley_shop, uniq_joseph
D:9:      layout_basic, ebering_ghost_rock_garden
D:10:     layout_roguey, elyvilon_altar_5, uniq_sonja
D:11:     layout_roguey [special_room_orc]
Lair:1:   layout_loops_ring, uniq_fannar
Lair:2:   layout_concentric_octagons, hellmonk_spider_entry_life_and_decay
Lair:3:   layout_gridlike, minmay_swamp_entry_worms

Skill      XL: |  1  2  3  4  5  6  7  8  9 10 11 12 13 |
---------------+----------------------------------------+-----
Stealth        | 2 3 4 5 7 10 13 15 17 19 | 19.7
Dodging        | 3 4 5 6 7 |  7.0
Short Blades   | 4 5 6 7 8 9 |  9.8
Fighting       | 4 5 6 7 |  7.4
Evocations     | 2 4 6 8 |  8.2
Shapeshifting  | 1 3 5 |  5.7

Action                     |  1- 3 |  4- 6 |  7- 9 | 10-12 | 13-15 || total
---------------------------+-------+-------+-------+-------+-------++-------
  Melee: Short sword       |    31 |       |       |       |       ||    31
         Tentacles         |    13 |    10 |    40 |    93 |    18 ||   174
         Constrict         |    10 |    12 |    21 |    48 |     3 ||    94
         Dagger            |    29 |    97 |   152 |   361 |    69 ||   708
         Kick              |     2 |    17 |       |    32 |       ||    51
         Punch             |       |       |     2 |     9 |     1 ||    12
  Evoke: Wand              |       |       |       |     6 |     3 ||     9
    Use: Scroll            |       |     7 |     4 |     6 |     1 ||    18
         Potion            |       |     5 |       |     3 |     4 ||    12
   Stab: Sleeping          |     7 |    12 |    20 |    55 |     1 ||    95
         Distracted        |       |       |     1 |     4 |       ||     5
         Paralysed         |       |       |       |     3 |     2 ||     5
         Betrayed ally     |       |       |       |     1 |       ||     1
 Armour: Skin              |    27 |    44 |    55 |   118 |    39 ||   283
  Dodge: Dodged            |    34 |    36 |    80 |   160 |    19 ||   329

Table legend: (Time is in decaauts)
 A = Elapsed time spent in this place.
 B = Non-inter-level travel time spent in this place.
 C = Inter-level travel time spent in this place.
 D = Time resting spent in this place.
 E = Time spent auto-exploring this place.
 F = Levels seen in this place.
 G = Mean time per level.
                   A        B        C        D        E       F      G
               +--------+--------+--------+--------+--------+-----+--------+
         Total |  22697 |  21646 |   1051 |  12413 |   7243 |  14 | 1621.2 |
       Dungeon |  19293 |  18309 |    984 |  11138 |   5776 |  11 | 1753.9 |
          Lair |   3403 |   3337 |     66 |   1275 |   1467 |   3 | 1134.3 |
               +--------+--------+--------+--------+--------+-----+--------+

Top non-repeatable levels by time:
     D:1: 9864 daAuts
  Lair:2: 1818 daAuts
     D:5: 1593 daAuts
     D:9: 1407 daAuts
  Lair:1: 1209 daAuts
     D:8: 1050 daAuts
     D:2: 1025 daAuts
     D:7: 1005 daAuts
     D:4: 902 daAuts
    D:10: 816 daAuts
     D:6: 793 daAuts
     D:3: 548 daAuts
  Lair:3: 375 daAuts
    D:11: 286 daAuts
